 Dungeon Crawl Stone Soup version 0.27-a0-263-gc8dee61f84 (webtiles) character file.

Game seed: 15389505550749350109

170 siradein the Cutter (level 5, -2/39 HPs)
             Began as a Vampire Artificer on Feb 4, 2021.
             Slain by an ogre
             ... wielding a +0 giant club
              (22 damage)
             ... on level 3 of the Dungeon.
             The game lasted 00:09:00 (2617 turns).

siradein the Cutter (Vampire Artificer)             Turns: 2617, Time: 00:09:01

Health: -2/39      AC:  7    Str: 11    XL:     5   Next: 25%
Magic:  14/14      EV: 11    Int: 14    God:
Gold:   205        SH:  0    Dex: 15    Spells: 4/4 levels left

rFire    . . .     SeeInvis +   k - +5 dagger
rCold    . . .     Faith    .   (no shield)
rNeg     . . .     Spirit   .   f - +1 ring mail
rPois    .         Reflect  .   g - +0 helmet
rElec    .         Harm     .   (no cloak)
rCorr    .         Rampage  .   (no gloves)
Will     .....                  (no boots)
Stlth    ..........             (no amulet)
HPRegen  0.33/turn              h - ring of magical power
MPRegen  0.14/turn              i - ring of attention (curse)

@: regenerating quickly
A: fangs 3, see invisible, unbreathing
a: Exsanguinate


You were on level 3 of the Dungeon.
You visited 1 branch of the dungeon, and saw 3 of its levels.

You collected 205 gold pieces.

Inventory:

Hand Weapons
 k - a +5 dagger (weapon)
Armour
 f - a +1 ring mail (worn)
 g - a +0 helmet (worn)
Jewellery
 h - a ring of magical power (left hand)
 i - a cursed ring of attention (right hand)
Wands
 c - a wand of flame (15) (quivered)
 d - a wand of charming (15)
 e - a wand of random effects (15)
Scrolls
 a - 3 scrolls of amnesia
 o - a scroll of enchant weapon
 s - a scroll of fog
Potions
 b - 2 potions of curing {unknown}
 j - 2 potions of haste {unknown}
 l - 2 potions of magic {unknown}
 m - 2 potions of degeneration {unknown}
 n - 2 potions of might {unknown}
 p - a potion of attraction {unknown}
 q - a potion of lignification {unknown}
 r - a potion of brilliance


   Skills:
 - Level 2.5 Fighting
 + Level 4.6 Short Blades
 - Level 0.7 Armour
 - Level 2.1 Dodging
 - Level 1.5 Stealth
 - Level 2.6 Evocations


You had 4 spell levels left.
You didn't know any spells.
Your spell library was empty.

Dungeon Overview and Level Annotations

Branches:
Dungeon (3/15)

Altars:
Yredelemnul


Innate Abilities, Weirdness & Mutations

Your natural rate of healing is unusually fast.
You have razor-sharp teeth.
You have supernaturally acute eyesight. (SInv)
You can survive without breathing.


Message History

The bat closely misses you. The bat hits you but does no damage.
The bat closely misses you. The bat closely misses you.
The bat closely misses you. The bat misses you. The bat barely misses you.
The bat barely misses you. The bat closely misses you.
The bat barely misses you. The bat hits you but does no damage.
The bat closely misses you. The bat hits you but does no damage.
The bat barely misses you. The bat hits you but does no damage.
You hit the bat but do no damage. The bat misses you. x2
You hit the bat.
You kill the bat!
Things that are here:
a +0 short sword; 5 stones; a kobold corpse The ogre hits you with a +0 giant club!!
Ouch! That really hurt!
You die...

. ### ### #######.########
########## #.###..##...........
.........######>..##.#.#.########
######......<...@O......## ..#
#.###############.## #.####.# ###
#......# ########


You could see an ogre.

Vanquished Creatures
  7 adders
  4 gnolls (D:2)
  A worm (D:2)
  A dart slug (D:2)
  A leopard gecko (D:2)
  2 giant cockroaches (D:2)
  7 goblins
  4 hobgoblins
  7 jackals (D:1)
  9 kobolds
  A quokka (D:2)
  5 bats
  7 frilled lizards
  8 rats
64 creatures vanquished.

Notes
Turn   | Place    | Note
-------+----------+-------------------------------------------
     0 | D:1      | siradein the Vampire Artificer began the quest for the Orb.
     0 | D:1      | Reached XP level 1. HP: 14/14 MP: 1/1
    78 | D:1      | Reached skill level 1 in Fighting
   272 | D:1      | Reached XP level 2. HP: 22/22 MP: 2/2
   666 | D:1      | Reached skill level 1 in Short Blades
   666 | D:1      | Reached XP level 3. HP: 27/28 MP: 3/3
  1121 | D:2      | Reached skill level 2 in Short Blades
  1229 | D:2      | Found a basalt altar of Yredelemnul.
  1312 | D:2      | Reached skill level 3 in Short Blades
  1312 | D:2      | Reached XP level 4. HP: 33/34 MP: 4/4
  1588 | D:2      | HP: 1/34 [gnoll/+0 halberd (11)]
  1591 | D:2      | Reached skill level 4 in Short Blades
  1814 | D:2      | Reached XP level 5. HP: 39/39 MP: 5/5
  2550 | D:3      | Noticed an ogre
  2617 | D:3      | Slain by an ogre

Illustrated notes

Levels and vault maps discovered:
D:1:      dpeg_arrival_water_fire, layout_loops_ring, minmay_misc_feat_pillars,
          minivault_5
D:2:      layout_loops_corners, lemuel_doored_altar
D:3:      layout_loops_ring, lightli_temple_of_fire, uniq_crazy_yiuf_cottage

Skill      XL: |  1  2  3  4 |
---------------+-------------+-----
Fighting       | 1 2 |  2.5
Short Blades   | 1 3 4 |  4.6
Armour         | |  0.7
Dodging        | |  2.1
Stealth        | |  1.5
Evocations     | |  2.6

Action                   |  1- 3 |  4- 6 || total
-------------------------+-------+-------++-------
Melee: Club              |    52 |       ||    52
       Bite              |    14 |     5 ||    19
       Dagger            |    88 |    95 ||   183
  Use: Scroll            |     7 |     1 ||     8
Armor: Ring mail         |    42 |    29 ||    71
       Leather armour    |     3 |       ||     3
Dodge: Dodged            |    91 |    53 ||   144

Table legend: (Time is in decaauts)
 A = Elapsed time spent in this place.
 B = Non-inter-level travel time spent in this place.
 C = Inter-level travel time spent in this place.
 D = Time resting spent in this place.
 E = Time spent auto-exploring this place.
 F = Levels seen in this place.
 G = Mean time per level.
                   A        B        C        D        E       F      G
               +--------+--------+--------+--------+--------+-----+--------+
         Total |   2606 |   2585 |     21 |      0 |   2013 |   3 |  868.7 |
       Dungeon |   2606 |   2585 |     21 |      0 |   2013 |   3 |  868.7 |
               +--------+--------+--------+--------+--------+-----+--------+

Top non-repeatable levels by time:
     D:2: 1225 daAuts
     D:1: 1090 daAuts
     D:3: 291 daAuts
